Warning! The script has encountered some errors when parsing the replay. Please report them to the . » details
0x00, prev: 0x16: 16 02 08 00 3A 8E 00 00 39 AC 00 00 74 7F 00 00 CA EA 00 00 E6 80 00 00 F1 F7 00 00 13 85 00 00 90 52 01 00 04 86 00 00 A8 FF 00 00 7C 88 00 00 8F AD 00 00 AD 89 00 00 FB A8 00 00 10 8A 00 00 00 1D 01 00 [00] 00 00 00 00 00 00 00 00 00 00 00 00 00 00 00 00 00 00 00 00 00 00 00 00 00
0x00, prev: 0x00: 16 02 08 00 3A 8E 00 00 39 AC 00 00 74 7F 00 00 CA EA 00 00 E6 80 00 00 F1 F7 00 00 13 85 00 00 90 52 01 00 04 86 00 00 A8 FF 00 00 7C 88 00 00 8F AD 00 00 AD 89 00 00 FB A8 00 00 10 8A 00 00 00 1D 01 00 00 00 00 00 00 00 00 00 00 00 00 00 00 00 00 00 00 00 00 00 00 00 00 00 [00] 00
General information
- name: BNet
- type: Ladder 1vs1/FFA
- host: Battle.net
- saver: ATX
map: GnollWood
- players: 2
- length: 09:30
- speed: Fast
- version: 1.23 WAR3
- replay type: Public
» download(34 KB)
Players
team 1 (winner)
ATX (
purple | 107 APM | 1019 actions | 09:30)
3 Keeper of the Grove
1 Force of Nature
2 Entangling Roots
2 Priestess of the Moon
1 Searing Arrows
1 Trueshot Aura
» actions
| Assign group hotkey | 170 | |
| Basic commands | 8 | |
| Build / train | 40 | |
| Enter build submenu | 10 | |
| Enter hero's abilities submenu | 6 | |
| Give item / drop item | 2 | |
| Right click | 360 | |
| Select / deselect | 157 | |
| Select group hotkey | 237 | |
| Use ability | 29 | |
1019 total
» units
» upgrades
| Strength of the Moon | 2 | |
| Moon Armor | 1 | |
| Improved Bows | 1 | |
4 total
» buildings
| Moon Well | 4 | |
| Ancient of War | 1 | |
| Altar of Elders | 2 | |
| Tree of Ages | 1 | |
| Hunter's Hall | 1 | |
9 total
» build order
00:14 Moon Well
00:17 Ancient of War
00:19 Altar of Elders
00:21 Moon Well
01:32 Moon Well
02:52 Moon Well
03:50 Tree of Ages
03:53 Altar of Elders
03:55 Hunter's Hall
team 2 (loser)
Notorious. (
teal | 94 APM | 895 actions | 09:29)
3 Keeper of the Grove
2 Entangling Roots
1 Force of Nature
» actions
| Assign group hotkey | 19 | |
| Basic commands | 8 | |
| Build / train | 38 | |
| Enter build submenu | 8 | |
| Enter hero's abilities submenu | 3 | |
| Remove unit from queue | 1 | |
| Right click | 495 | |
| Select / deselect | 151 | |
| Select group hotkey | 135 | |
| Use ability | 37 | |
895 total
» units
» upgrades
| Strength of the Moon | 1 | |
| Moon Armor | 1 | |
2 total
» buildings
| Altar of Elders | 1 | |
| Moon Well | 3 | |
| Ancient of War | 1 | |
| Tree of Ages | 1 | |
| Hunter's Hall | 1 | |
7 total
» build order
00:10 Altar of Elders
00:20 Moon Well
00:29 Ancient of War
01:22 Moon Well
03:54 Moon Well
05:27 Tree of Ages
06:13 Hunter's Hall
» items
| Gem of True Seeing | 1 | |
| Wand of Negation | 1 | |
2 total
Chat log
(02:04 / All) Notorious.: gl
(02:06 / All) ATX: u2
(09:22 / All) ATX: GG